 Dungeon Crawl Stone Soup version 0.15-a0-1936-gbed3715 (webtiles) character file.

79 Quh the Distorting Demonspawn (level 4, -1/35 HPs)
             Began as a Demonspawn Abyssal Knight on July 8, 2014.
             Was a Believer of Lugonu.
             Slain by an iguana (5 damage)
             ... on Level 3 of the Dungeon.
             The game lasted 00:10:19 (1906 turns).

Quh the Distorting Demonspawn (DsAK)                Turns: 1906, Time: 00:10:19

HP  -1/35        AC 10     Str 14      XL: 4   Next: 17%
MP   7/7         EV  5     Int 13      God: Lugonu [**....]
Gold 90          SH  0     Dex 12      Spells:  0 memorised,  3 levels left

rFire  . . .     SeeInvis .     a - +2 spear
rCold  . . .     Clarity  .     q - +0 chain mail
rNeg   . . .     rCorr    .     (no shield)
rPois  .         rRot     .     m - +1 helmet
rElec  .         Spirit   .     (no cloak)
SustAb .         Warding  .     (no gloves)
rMut   .         Rnd*Tele +     (no boots)
Gourm  .                        (no amulet)
MR     .....                    (no ring)
                                j - cursed ring of teleportation

@: not resistant to hostile enchantments, extremely unstealthy
A: talons 1, nightstalker 1
a: Depart the Abyss, Bend Space, Renounce Religion, Evoke Teleportation


You were on level 3 of the Dungeon.
You worshipped Lugonu.
Lugonu was pleased with you.
You were not hungry.

You visited 1 branch of the dungeon, and saw 3 of its levels.
You visited the Abyss 1 time.

You collected 90 gold pieces.

Inventory:

Hand weapons
 a - a +2 spear (weapon)
 k - a +3 hand axe
Missiles
 i - 51 stones (quivered)
Armour
 b - a +0 leather armour
 m - a +1 helmet (worn)
 q - a +0 chain mail (worn)
 s - a +0 ring mail
Magical devices
 x - a wand of magic darts (9) {unknown}
Comestibles
 c - 4 bread rations
 f - 2 meat rations
 g - a slice of pizza
 r - a beef jerky
 z - a rotting chunk of goblin flesh
Scrolls
 d - 3 scrolls of identify
 e - 2 scrolls of recharging
 l - a scroll of blinking
 n - 3 scrolls of teleportation
 o - a scroll of amnesia
 y - a scroll of enchant weapon
Jewellery
 j - a cursed ring of teleportation (left hand)
Potions
 h - a potion of resistance
 p - a potion of curing {unknown}
 t - a potion of agility {unknown}
 u - 2 potions of heal wounds
 v - a potion of might {unknown}
 w - a potion of magic {unknown}


   Skills:
 - Level 3.0 Fighting
 * Level 3.5 Polearms
 - Level 1.7 Armour
 - Level 0.8 Dodging
 + Level 3.7 Invocations


You had 3 spell levels left.
You didn't know any spells.

Dungeon Overview and Level Annotations

Branches:
Dungeon (3/15)

Altars:
Elyvilon
Okawaru
Sif Muna

Annotations:
D:3 Sigmund, Terence


Innate Abilities, Weirdness & Mutations

You have sharp toenails.
You are slightly more attuned to the shadows.


Message History

The orc barely misses you.
You see here a short sword.
You barely miss the orc.
The orc is moderately wounded.
The orc hits you but does no damage.
You completely miss the orc.
The orc is moderately wounded.
The orc hits you with a trident.
Your chain mail prevents you from hitting the orc.
You claw the orc.
The orc is severely wounded.
You hit the orc.
The orc is almost dead.
The orc barely misses you. The iguana bites you!
* * * LOW HITPOINT WARNING * * *
You hit the orc.
You kill the orc!
Lugonu accepts your kill. The iguana bites you.
You die...

....#......# ##.##.##.#.#
.##........# #.........##
(.####.....### ##..........
...#####....)#####..........
............................
..#.####....................
..#.# #.....#####..........
..#.####.......###((........
..#...##..###..l@)......>.##
#####.#....###..)#.##.##..#
#.......####....#.....#
##......# #....###...
#......# ##...# ... #......#
#>..# .. #......# #...#
#.....<# #...# ##....##
#...#


You could see an iguana.

Vanquished Creatures
  3 adders (D:2)
  A worm (D:2)
  2 oozes (D:3)
  4 orcs (D:3)
  A ball python (D:2)
  3 giant cockroaches
  6 hobgoblins
  4 kobolds
  6 bats
  5 giant newts
  5 goblins
  4 rats
44 creatures vanquished.

Notes
Turn   | Place    | Note
--------------------------------------------------------------
     0 | Abyss:1  | Quh, the Demonspawn Abyssal Knight, began the quest for the Orb.
     0 | Abyss:1  | Reached XP level 1. HP: 18/18 MP: 1/1
    55 | Abyss:1  | Noticed a chaos spawn
    59 | D:1      | Escaped the Abyss
   417 | D:1      | Gained mutation: You have sharp toenails. [demonic ancestry]
   417 | D:1      | Reached XP level 2. HP: 20/24 MP: 2/2
   783 | D:1      | Acquired Lugonu's first power
   851 | D:2      | Found a deep blue altar of Sif Muna.
   984 | D:2      | Gained mutation: You are slightly more attuned to the shadows. [demonic ancestry]
   984 | D:2      | Reached XP level 3. HP: 20/29 MP: 3/5
  1439 | D:2      | Found an iron altar of Okawaru.
  1440 | D:2      | Found a white marble altar of Elyvilon.
  1593 | D:3      | Acquired Lugonu's second power
  1677 | D:3      | Noticed Terence
  1679 | D:3      | Noticed Sigmund
  1778 | D:3      | Reached XP level 4. HP: 35/35 MP: 7/7
  1906 | D:3      | Slain by an iguana

Action                   |  1- 3 |  4- 6 || total
-------------------------+-------+-------++-------
Melee: Spear             |   100 |    27 ||   127
Throw: Stone             |    61 |     9 ||    70
Invok: Depart the Abyss  |     1 |       ||     1
  Use: Scroll            |    10 |       ||    10
 Stab: Sleeping          |     1 |       ||     1
  Eat: Chunk             |     2 |     1 ||     3
